Description

Test

Replay - A.I. 1 (Very Easy) v Skogix - Blueshift LE

Build Order

Get SALT Encoding   

  13  0:12  Overlord  
  17  0:52  Hatchery  
  18  1:09  Extractor  Rally from egg
  17  1:13  Spawning Pool  Rally from egg
  19  1:30  Drone  @100 Min Send to third
  20  1:48  Hatchery  
  20  2:01  Queen  @Nat (Creep)
  26  2:24  Metabolic Boost   Remove 2 drones from gas
  26  2:26  Overlord  
  26  2:33  Zergling x2  
  28  2:43  Queen  @Main
  30  2:46  Zergling  
  31  2:50  Queen  @Nat
  33  2:51  Drone  Scout Nat
  36  3:01  Queen  @Third
  38  3:06  Overlord  
  42  3:20  Overlord  
  42  3:26  Queen  @Nat
  50  4:00  Overlord  Scout Main
Spawning Tool Build Advisor. Get it on Overwolf

Go to:

Details

  • Created by: Skogix
  • Published on: Dec 22, 2018
  • Modified on: Dec 22, 2018
  • Patch: 4.7.1
Show
View Real Time Build Order
Export as new Build Order

Comments (0)

There are no comments. Be the first!

Create an account to comment!